 Dungeon Crawl Stone Soup version 0.31-a0-854-g362426d53f (webtiles) character file.

Game seed: 8511610708151253738

21 avis the Charlatan (level 2, 13/13 HPs)
             Began as a Felid Artificer on Oct 8, 2023.
             Got out of the dungeon alive.
             The game lasted 00:06:31 (810 turns).

avis the Charlatan (Felid Artificer)                 Turns: 810, Time: 00:06:32

Health: 13/13      AC:  1    Str:  8    XL:     2   Next: 65%
Magic:  3/3        EV: 18    Int: 12    God:
Gold:   24         SH:  0    Dex: 16    Spells: 1/1 levels left
                                        Lives:  0   Deaths: 1

rFire   . . .        (weapon unavailable)
rCold   . . .        (shield unavailable)
rNeg    . . .        (body armour unavailable)
rPois   .            (helmet unavailable)
rElec   .            (cloak unavailable)
rCorr   .            (gloves unavailable)
SInv    +            (boots unavailable)
Will    .....        (no amulet)
Stlth   ++           (no ring)
HPRegen 0.22/turn    (no ring)
MPRegen 0.08/turn

%: no passive effects
@: quick
A: very small, claws 1, fangs 3, see invisible, speed 1, shaggy fur 1, stealthy
paws, no weapons or thrown items, no armour, multi-lived
a: no special abilities


You escaped.
You visited 1 branch of the dungeon, and saw 2 of its levels.

You collected 24 gold pieces.

Inventory:

Wands
 a - a wand of flame (15) (quivered)
 b - a wand of charming (15)
 c - a wand of iceblast (5)
Scrolls
 d - a scroll of enchant weapon {unknown}
 e - a scroll of summoning {unknown}
 f - 2 scrolls of fog
 i - 2 scrolls of teleportation {unknown}
Potions
 h - a potion of attraction
 j - a potion of might {unknown}
 k - a potion of heal wounds {unknown}
 l - a potion of lignification {unknown}
 m - a potion of curing {unknown}
 n - a potion of brilliance {unknown}


   Skills:
 * Level 2.7 Fighting
 - Level 3.2 Dodging
 - Level 1.3 Stealth
 - Level 3.2 Evocations


You had one spell level left.
You didn't know any spells.
Your spell library was empty.

Dungeon Overview and Level Annotations

Branches:
Dungeon (2/15)

Altars:

Shops:
D:1 *


Innate Abilities, Weirdness & Mutations

You have sharp claws.
You have razor-sharp teeth.
You have supernaturally acute eyesight. (SInv)
You cover ground quickly. (Speed+)
You are covered in fur. (AC +1)
Your paws help you pounce on unaware monsters.
You are incapable of wielding weapons or throwing items.
You cannot wear armour.
You gain extra lives every three experience levels.


Message History

The adder bites you.
You closely miss the adder. You bite the adder.
The adder is heavily wounded.
The adder bites you.
You are poisoned.
The adder poisons you! The adder closely misses you.
You scratch the adder.
The adder is severely wounded.
You feel sick. The adder misses you.
You barely miss the adder.
The adder is severely wounded.
You feel sick. The adder bites you.
* * * LOW HITPOINT WARNING * * *
You are more poisoned.
The adder poisons you!
A red film seems to cover your vision as you go berserk!
You feel yourself moving faster!
You feel mighty!
You die...
You feel very sick. The adder bites you. x2
You rejoin the land of the living...
A rat comes into view.
The hobgoblin shouts!
The hobgoblin barely misses you.
You scratch the hobgoblin.
The hobgoblin is almost dead.
The hobgoblin barely misses you.
You scratch the hobgoblin but do no damage.
The hobgoblin is almost dead.
The hobgoblin hits you.
You scratch the hobgoblin.
You kill the hobgoblin!
You now have 24 gold pieces (gained 15).
You see here a dart slug corpse.
There is an escape hatch in the ceiling here.
A mysterious force pulls you upwards. The hatch slams shut behind you.
There is an open door here.
There is an open door here.
There is a staircase leading out of the dungeon here.
You have escaped!

###..#.........#.#.........#.....
.....#.........'.'.........#.....
.....#.........#.#.........#.....
.....##.......##.##.......##.....
..#'#####...####'###....######...
..### #'#####...#####'# #.....
..### ##.###.......###.####.....
....# #...#.........#...#.......
....# #...+....@....+...#.......
....# #...#.........#.†.#.......
...)####..###.......###.##(......
......###.#####...#####.#........
......# #..#####+#####..#.#.#....
......####.............##.#......
......##.################........
####.................######.#....
#......##########.#......#....


There were no monsters in sight!

Vanquished Creatures
  2 dart slugs
  2 ball pythons (D:1)
  2 giant cockroaches
  A goblin (D:2)
  A hobgoblin (D:2)
  2 quokkas
  3 bats
  2 frilled lizards
  A rat (D:1)
16 creatures vanquished.

Notes
Turn   | Place    | Note
-------+----------+-------------------------------------------
     0 | D:1      | avis the Felid Artificer began the quest for the Orb.
     0 | D:1      | Reached XP level 1. HP: 9/9 MP: 2/2
    86 | D:1      | Found Yloageutt's General Store.
   226 | D:1      | Reached XP level 2. HP: 12/13 MP: 3/3
   751 | D:2      | Succumbed to an adder's poison
   810 | D:$      | Got out of the dungeon alive.

Illustrated notes

Levels and vault maps discovered:
D:1:      dpeg_arrival_three_smaller_balls, layout_basic, serial_shops,
          nicolae_shop_tiny_statue_garden
D:2:      layout_basic, basic_ecumenical_altar

Skill      XL: |  1 |
---------------+----+-----
Fighting       | 2 |  2.7
Dodging        | |  3.2
Stealth        | |  1.3
Evocations     | |  3.2

Action                     || total
---------------------------++-------
  Melee: Unarmed           ||    89
         Bite              ||     7
         Punch             ||     1
    Use: Scroll            ||     3
         Potion            ||     1
   Stab: Sleeping          ||     2
 Armour: Skin              ||    25
  Dodge: Dodged            ||    67

Table legend: (Time is in decaauts)
 A = Elapsed time spent in this place.
 B = Non-inter-level travel time spent in this place.
 C = Inter-level travel time spent in this place.
 D = Time resting spent in this place.
 E = Time spent auto-exploring this place.
 F = Levels seen in this place.
 G = Mean time per level.
                   A        B        C        D        E       F      G
               +--------+--------+--------+--------+--------+-----+--------+
         Total |    687 |    615 |     72 |     55 |    286 |   2 |  343.5 |
       Dungeon |    687 |    615 |     72 |     55 |    286 |   2 |  343.5 |
               +--------+--------+--------+--------+--------+-----+--------+

Top non-repeatable levels by time:
     D:1: 489 daAuts
     D:2: 198 daAuts
